 Dungeon Crawl Stone Soup version 0.24.0-1-gfbc8707 (webtiles) character file.

Game seed: 1539951161820542603, levelgen mode: deterministic

3259 Fang the Fighter (level 10, -7/99 HPs)
             Began as a Gargoyle Berserker on Oct 29, 2019.
             Was an Elder of Trog.
             Mangled by a two-headed ogre
             ... wielding a +0 giant club
              (15 damage)
             ... on level 8 of the Dungeon.
             The game lasted 00:07:45 (6800 turns).

Fang the Fighter (Gargoyle Berserker)               Turns: 6800, Time: 00:07:45

Health: -7/99      AC: 23    Str: 28    XL:     10   Next: 0%
Magic:  10/10      EV:  9    Int:  9    God:    Trog [****..]
Gold:   501        SH:  0    Dex:  9    Spells: 9/9 levels left

rFire    . . .     SeeInvis .   p - +4 executioner's axe (drain)
rCold    . . .     Gourm    .   (shield currently unavailable)
rNeg     + . .     Faith    .   b - +0 plate armour
rPois    ∞         Spirit   .   (no helmet)
rElec    +         Reflect  .   (no cloak)
rCorr    +         Harm     .   s - +2 pair of gloves
MR       .....                  (no boots)
Stlth    ..........             (no amulet)
HPRegen  0.26/turn              u - ring of resist corrosion
MPRegen  0.12/turn              (no ring)

@: berserking, very quick
A: negative energy resistance 1, electricity resistance, unbreathing,
petrification resistance, rot immunity, AC +7
a: Berserk, Trog's Hand, Brothers in Arms, Renounce Religion


You were on level 8 of the Dungeon.
You worshipped Trog.
Trog was greatly pleased with you.
You were very hungry.

You visited 2 branches of the dungeon, and saw 9 of its levels.

You collected 501 gold pieces.

Inventory:

Hand Weapons
 a - a +2 war axe
 o - a +3 broad axe of flaming
 p - a +4 executioner's axe of draining (weapon)
 y - the +0 broad axe of the Unkillable {drain, +Inv rF+ Dex+3}
   (You acquired it on level 8 of the Dungeon)

   A truly terrible weapon, it drains the life of those it strikes.
   It affects your dexterity (+3).
   It protects you from fire.
   It lets you turn invisible.
Armour
 b - a +0 plate armour (worn)
 s - a +2 pair of gloves (worn)
Jewellery
 u - a ring of resist corrosion (left hand)
Wands
 l - a wand of iceblast (4)
 m - a wand of digging (10)
 n - a wand of flame (21)
 w - a wand of disintegration (10)
Scrolls
 f - a scroll of magic mapping
 g - 3 scrolls of teleportation
 r - a scroll of immolation
 x - a scroll of blinking
Potions
 d - 7 potions of curing
 e - 2 potions of resistance
 h - a potion of mutation
 i - a potion of haste
 j - 2 potions of flight {unknown}
 k - 2 potions of brilliance {unknown}
 q - 2 potions of agility
 v - a potion of cancellation {unknown}
 A - 2 potions of heal wounds {unknown}
 C - a potion of magic {unknown}
 F - a potion of might {unknown}
Comestibles
 c - 11 rations
 t - a chunk of flesh


   Skills:
 * Level 9.2 Fighting
 * Level 7.7 Axes
 + Level 6.5 Armour
 + Level 5.0 Dodging


You had 9 spell levels left.
You didn't know any spells.
Your spell library was empty.

Dungeon Overview and Level Annotations

Branches:
Dungeon (8/15)             Temple (1/1) D:7
   Lair: D:8-11

Altars:
Hepliaklqana
Ru
Vehumet

Shops:
D:6 *

Annotations:
D:6 2 transporters, om's ghost, novice DrCj


Innate Abilities, Weirdness & Mutations

You are resistant to torment.
Your stone body is resilient. (AC +7)
You are immune to poison.
You resist negative energy. (rN+)
You are resistant to electric shocks. (rElec)
You can survive without breathing.
You are immune to petrification.
You are immune to rotting.


Message History

The adder bites you but does no damage.
Your plate armour prevents you from hitting the two-headed ogre.
The two-headed ogre is lightly wounded.
You closely miss the adder.
The two-headed ogre hits you but does no damage.
The two-headed ogre hits you with a +0 giant club!
* * * LOW HITPOINT WARNING * * *
The adder barely misses you. The gnoll hits you but does no damage.
You slash the two-headed ogre! You drain the two-headed ogre.
The two-headed ogre is heavily wounded.
You barely miss the adder. The adder bites you but does no damage.
The two-headed ogre hits you with a +0 giant club!
* * * LOW HITPOINT WARNING * * *
The two-headed ogre barely misses you. The gnoll barely misses you.
Your plate armour prevents you from hitting the two-headed ogre.
The two-headed ogre is heavily wounded.
You closely miss the adder. The adder barely misses you.
The gnoll hits you but does no damage.
The two-headed ogre hits you with a +0 giant club!
You die...

*,* *, *,* *, *******######*
***,* *,
,,,,,,,,.....###*,,,**##***** *>
*******,,......##,,,,..,,,,,* **
,,*****####.....,,,,.(*****,*
*,,,,,,........#**,.#,* *,*
,,,*******#..)g###..#,* *,* *
*,,,** #....O@Sg.#,* *,* **
**,,,**** #..<#####.#,* *,* **,
*,,,...###...####*,*,* **,***,,
**,,,*#..........#*,*,* *,,,,,,,
*,*,**#####.#>.#.#*,*,** **,***,,
,,,,,*****#.#..#,#*,,,,** *** **,
*,,*,,,,,,..#.<#,**,*,*,*********
*,,,,########..#,*,,,,,,,,,,,,,,,
*,,,,......(÷..#,**,,,*,*********


You could see a two-headed ogre, 2 gnolls and an adder.

Vanquished Creatures
  Sigmund (D:4)
  Duvessa (D:6)
  2 orc warriors
  2 ice beasts
  A sky beast (D:6)
  A phantom (D:6)
  3 ogres
  A centaur (D:7)
  3 bullfrogs
  3 gnoll sergeants
  Dowan (D:6)
  3 scorpions
  5 killer bees (D:8)
  5 wights (D:6)
  2 howler monkeys (D:7)
  2 crimson imps
  A bullfrog zombie (D:5)
  2 jellies
  A centaur skeleton (D:4)
  4 hounds
  Ijyb (D:4)
  2 iguanas
  Natasha (thrice) (D:4)
  4 orc wizards
  3 worker ants
  A killer bee zombie (D:7)
  2 hound zombies
  A hound skeleton (D:5)
  A howler monkey zombie (D:7)
  Robin (D:4)
  15 gnolls
  3 adders
  2 shadow imps
  2 adder skeletons (D:7)
  3 dart slugs
  3 leopard geckos
  21 orcs
  A ball python (D:2)
  7 giant cockroaches
  18 goblins
  8 hobgoblins
  10 jackals
  5 quokkas
  5 bats
  3 frilled lizards
  7 kobolds
  A quokka skeleton (D:5)
  5 rats
182 creatures vanquished.

Notes
Turn   | Place    | Note
-------+----------+-------------------------------------------
     0 | D:1      | Fang the Gargoyle Berserker began the quest for the Orb.
     0 | D:1      | Reached XP level 1. HP: 14/14 MP: 1/1
   256 | D:1      | Reached XP level 2. HP: 19/19 MP: 2/2
   616 | D:1      | Reached XP level 3. HP: 23/23 MP: 3/3
   947 | D:2      | Reached ** piety under Trog
  1223 | D:2      | Reached XP level 4. HP: 24/29 MP: 4/4
  1570 | D:3      | Found a radiant altar of Vehumet.
  1578 | D:3      | Reached skill level 4 in Fighting
  1912 | D:3      | Reached XP level 5. HP: 24/34 MP: 5/5
  2154 | D:4      | Noticed Ijyb
  2167 | D:4      | Killed Ijyb
  2187 | D:4      | Noticed Sigmund
  2198 | D:4      | Killed Sigmund
  2198 | D:4      | Reached skill level 5 in Fighting
  2198 | D:4      | Reached XP level 6. HP: 22/40 MP: 6/6
  2468 | D:4      | Noticed Robin
  2473 | D:4      | Reached *** piety under Trog
  2488 | D:4      | Killed Robin
  2488 | D:4      | Reached XP level 7. HP: 8/44 MP: 7/7
  2977 | D:4      | Noticed Natasha
  2994 | D:4      | Killed Natasha
  3430 | D:4      | Noticed Natasha
  3438 | D:4      | Killed Natasha
  3472 | D:4      | Noticed Natasha
  3480 | D:4      | Killed Natasha
  3538 | D:5      | Entered Level 5 of the Dungeon
  3617 | D:5      | Reached skill level 6 in Fighting
  3617 | D:5      | Reached skill level 5 in Axes
  3779 | D:5      | Reached XP level 8. HP: 30/52 MP: 8/8
  4464 | D:5      | Found a hazy altar of Hepliaklqana.
  4653 | D:6      | Reached skill level 5 in Armour
  4654 | D:6      | Reached skill level 7 in Fighting
  4656 | D:6      | Reached **** piety under Trog
  5051 | D:6      | Found a transporter.
  5057 | D:6      | Noticed om's ghost (novice DrCj)
  5058 | D:6      | Identified the +4 great mace of Jepsubith {freeze, +Inv
                  | rPois Str-3 Dex+4}
  5058 | D:6      | Noticed a two-headed ogre
  5061 | D:6      | Noticed Duvessa
  5062 | D:6      | Noticed Dowan
  5079 | D:6      | Killed Duvessa
  5087 | D:6      | Killed Dowan
  5087 | D:6      | Reached XP level 9. HP: 49/58 MP: 9/9
  5111 | D:6      | Found a transporter.
  5124 | D:6      | Found Daptia's General Store.
  5267 | D:6      | Received a gift from Trog
  5309 | D:6      | Reached skill level 8 in Fighting
  5567 | D:7      | Found a staircase to the Ecumenical Temple.
  5618 | Temple   | Entered the Ecumenical Temple
  6577 | D:8      | Reached skill level 9 in Fighting
  6682 | D:8      | Identified 3 scrolls of acquirement
  6687 | D:8      | Got an ivory broad axe
  6693 | D:8      | Identified the +0 broad axe of the Unkillable {drain, +Inv
                  | rF+ Dex+3} (You acquired it on level 8 of the Dungeon)
  6794 | D:8      | Reached skill level 5 in Dodging
  6794 | D:8      | Reached XP level 10. HP: 35/66 MP: 10/10
  6794 | D:8      | Noticed a two-headed ogre
  6800 | D:8      | Mangled by a two-headed ogre

Levels and vault maps discovered:
D:1:      dpeg_arrival_pond, layout_loops_corners
D:2:      layout_loops_ring
D:3:      layout_basic, vehumet_crystals, first_ration,
          minmay_misc_feat_encased, minmay_goblin_kobold_house
D:4:      layout_loops_cross, cheibrodos_gnoll_hut, uniq_natasha, uniq_ijyb,
          uniq_sigmund, uniq_robin
D:5:      layout_basic, lemuel_coloured_pillars_altar
D:6:      layout_rooms, serial_shops, shop, gammafunk_ghost_smash,
          nrook_loot_triangle, dk_rats_in_the_wall, uniq_duvessa
D:7:      layout_basic, minmay_temple_entry_mini_moons
D:8:      cheibrodos_barr_body, layout_loops_ring,
          gammafunk_temple_overflow_pools, uniq_erica
Temple:   minmay_crystal_spiral_temple

Skill      XL: |  1  2  3  4  5  6  7  8  9 |
---------------+----------------------------+-----
Axes           | 3 4 5 6 7 |  7.7
Dodging        | 2 3 4 5 |  5.0
Armour         | 3 4 5 6 |  6.5
Fighting       | 4 5 6 7 9 |  9.2

Action                   |  1- 3 |  4- 6 |  7- 9 | 10-12 || total
-------------------------+-------+-------+-------+-------++-------
Melee: Hand axe          |   139 |    58 |       |       ||   197
       War axe           |       |    78 |   471 |       ||   549
       Executioner's axe |       |       |    26 |     5 ||    31
Invok: Berserk           |       |     1 |     6 |     1 ||     8
  Use: Scroll            |       |       |    17 |       ||    17
  Eat: Chunk             |     1 |     3 |    22 |       ||    26
Armor: Animal skin       |    15 |       |       |       ||    15
       Chain mail        |    81 |   116 |   169 |       ||   366
       Plate armour      |       |       |   260 |    13 ||   273
Dodge: Dodged            |    75 |    77 |   257 |     9 ||   418
